 Dungeon Sprint DCSS version 0.30.1 (webtiles) character file.

Game seed: 18043617269906469737

3128 boopmooplesden the Stickfighter (level 11, -2/111 HPs)
             Began as a Minotaur Gladiator on July 8, 2023.
             Was the Champion of Trog.
             Drowned by a water elemental (8 damage)
             ... summoned by Ilsuiw
             ... in the Dungeon (Sprint VI: "Thunderdome").
             The game lasted 00:07:26 (1541 turns).

boopmooplesden the Stickfighter (MiGl)              Turns: 1541, Time: 00:07:27

Health: -2/111     AC: 22    Str: 31    XL:     11   Next: 9%
Magic:  1/1        EV: 13    Int:  4    God:    Trog [******]
Gold:   259        SH:  0    Dex: 19    Spells: 10/10 levels left

rFire   + . .        w - +2 quarterstaff (flame)
rCold   + + .        (shield currently unavailable)
rNeg    + . .        x - +0 gold dragon scales
rPois   +            c - +0 hat
rElec   +            u - +0 cloak of Bazangeu {rElec rC+}
rCorr   +            s - +2 pair of gloves "Kaozupn" {Str+5 Int-3}
SInv    .            v - -1 pair of boots "Dyseafei" {+Inv rPois Regen+ Str-4}
Will    +....        r - amulet of Nore {Faith rN+ Int+2 Stlth+} Stlth
                     q - ring of Autumn {Fly Will+ rCorr}
HPRegen 1.18/turn    t - ring of Xom's Sleight of Hands {Drain rElec MP-9 Str+8 Dex+6}
MPRegen 0.07/turn

%: no teleportation, faith
@: lit by a corona, engulfed (cannot breathe), on berserk cooldown, flying,
slowed, glowing, very slow
A: horns 2, retaliatory headbutt
}: 1/15 runes: decaying
a: Renounce Religion, Evoke Invisibility, Berserk, Trog's Hand, Brothers in Arms


You were in the Dungeon.
You worshipped Trog.
Trog was exalted by your worship.
You visited 1 branch You collected 2350 gold pieces.
You spent 2091 gold pieces at shops.

Inventory:

Hand Weapons
 a - a +0 quarterstaff
 m - a +3 quarterstaff
 w - a +2 quarterstaff of flaming (weapon)
Missiles
 d - 3 throwing nets (quivered)
 e - a javelin
Armour
 b - a +0 leather armour
 c - a +0 hat (worn)
 s - the +2 pair of gloves "Kaozupn" (worn) {Str+5 Int-3}
   (You bought it in a shop in the Dungeon)

   Str:       It affects your strength (+5).
   Int:       It affects your intelligence (-3).
 u - the +0 cloak of Bazangeu (worn) {rElec rC+}
   (You bought it in a shop in the Dungeon)

   rC:        It protects you from cold.
   rElec:     It insulates you from electricity.
 v - the -1 pair of boots "Dyseafei" (worn) {+Inv rPois Regen+ Str-4}
   (You bought it in a shop in the Dungeon)

   Str:       It affects your strength (-4).
   rPois:     It protects you from poison.
   +Inv:      It lets you turn invisible.
   Regen:     It increases your rate of health regeneration.
 x - +0 gold dragon scales (worn)
Jewellery
 p - the ring "Nemnydutu" {Fire rElec rN+ MP+9 Int-3}
   (You bought it in a shop in the Dungeon)

   [ring of fire]

   It enhances your fire magic.
   Int:       It affects your intelligence (-3).
   rF:        It protects you from fire.
   rC:        It makes you vulnerable to cold.
   rElec:     It insulates you from electricity.
   rN:        It protects you from negative energy.
   MP:        It affects your magic capacity (+9).
 q - the ring of Autumn (left hand) {Fly Will+ rCorr}
   (You bought it in a shop in the Dungeon)

   [ring of flight]

   Fly:       It grants you flight.
   rCorr:     It protects you from acid and corrosion.
   Will:      It increases your willpower.
 r - the amulet of Nore (around neck) {Faith rN+ Int+2 Stlth+}
   (You bought it in a shop in the Dungeon)

   [amulet of faith]

   It allows you to gain divine favour quickly.
   Int:       It affects your intelligence (+2).
   rN:        It protects you from negative energy.
   Stlth:     It makes you more stealthy.
 t - the ring of Xom's Sleight of Hands (right hand) {Drain rElec MP-9 Str+8 Dex+6}
   (You found it in the Dungeon)

   [ring of dexterity]

   Str:       It affects your strength (+8).
   Dex:       It affects your dexterity (+6).
   rElec:     It insulates you from electricity.
   MP:        It affects your magic capacity (-9).
   Drain:     It drains your maximum health when unequipped.
Scrolls
 k - 2 scrolls of blinking
 o - 3 scrolls of fog
Potions
 f - a potion of curing
 g - 2 potions of heal wounds
 h - 4 potions of haste
 i - 2 potions of magic
 j - a potion of berserk rage
 l - a potion of resistance
 n - a potion of experience


   Skills:
 + Level 14.6 Fighting
 + Level 20.2 Staves
 + Level 5.2 Throwing
 + Level 9.3 Armour
 + Level 13.1 Dodging
 + Level 5.9 Stealth
 + Level 6.2 Evocations


You had 10 spell levels left.
You didn't know any spells.
Your spell library was empty.

Dungeon Overview and Level Annotations

Branches:
Dungeon (1/1)

Altars:
Cheibriados
Dithmenos
Fedhas
Gozag
Kikubaaqudgha
Makhleb
Okawaru
Qazlal
Ru
Sif Muna
Trog
Uskayaw
Vehumet
Wu Jian
Xom
Yredelemnul
Zin
The Shining One
Lugonu

Shops:
D *[??*?*:[((!!!!

Annotations:
D Ilsuiw


Innate Abilities, Weirdness & Mutations

You have a pair of horns on your head.
You reflexively headbutt those who attack you in melee.


Message History

Your lungs strain for air!
The snapping turtle misses you. You furiously retaliate!
You headbutt the snapping turtle!! You bludgeon Ilsuiw!! You burn Ilsuiw.
Ilsuiw is heavily wounded.
Your lungs strain for air!
The water elemental hits you! The water elemental hits you. x2
You bludgeon Ilsuiw!! You burn Ilsuiw.
Ilsuiw is heavily wounded.
Your lungs strain for air!
Ilsuiw drinks a potion.
Ilsuiw is healed!
You completely miss Ilsuiw.
Ilsuiw is heavily wounded.
Your lungs strain for air!
The snapping turtle bites you! The water elemental hits you.
The water elemental barely misses you. The water elemental hits you.
You bludgeon Ilsuiw!! You burn Ilsuiw!
Ilsuiw is heavily wounded.
Your lungs strain for air!
Ilsuiw casts a spell at you. The shard of ice hits you!! You partially resist.
* * * LOW HITPOINT WARNING * * *
You bludgeon Ilsuiw!! You burn Ilsuiw!
Ilsuiw is severely wounded.
* * * LOW HITPOINT WARNING * * *
Your lungs strain for air!
You are no longer berserk.
You are exhausted.
You feel yourself slow down. The snapping turtle bites you!
* * * LOW HITPOINT WARNING * * *
The water elemental closely misses you. The water elemental misses you.
The water elemental hits you.
You bludgeon Ilsuiw!! You burn Ilsuiw.
Ilsuiw is severely wounded.
* * * LOW HITPOINT WARNING * * *
Your lungs strain for air!
Ilsuiw completely misses you.
You hit Ilsuiw. You burn Ilsuiw.
Ilsuiw is severely wounded.
You die...

##∩.....∩## #∩.......∩#
#_......._# #_......._#
#_.....†._# ###.......).###
#⌠)).....))..⌠#
######.8E........8.#####
##.___.m@...###......_._∩
###∩..[..tEE8.# #.8........
##.............###....).....
#⌠......[...###...###....)..
#⌠.......)..# #.<.# #.......
#⌠......)..)###...###.......
##....[.)......###..........
###∩........8.# #.8........
##∩_._.)....###......_._∩


You could see Ilsuiw, a snapping turtle and 3 water elementals.

Vanquished Creatures
  the Lernaean hydra (D)
  A merfolk impaler (D)
  A soul eater (D)
  A sixfirhy (D)
  A faun (D)
  3 rust devils (D)
  A red devil (D)
  3 queen bees (D)
  Sigmund (D)
  An air elemental (D)
  A ynoxinul (D)
  4 steam dragons (D)
  5 sky beasts (D)
  7 centaurs (D)
  A phantom (D)
  A necrophage (D)
  A scorpion (D)
  2 wights (D)
  4 killer bees (D)
  A jelly (D)
  6 orc priests (D)
  Jessica (D)
  An adder (D)
  A bat zombie (D)
  6 giant cockroaches (D)
56 creatures vanquished.

Notes
Turn   | Place    | Note
-------+----------+-------------------------------------------
     0 | D        | boopmooplesden the Minotaur Gladiator began the quest for
                  | the Orb.
     0 | D        | Reached XP level 1. HP: 18/18 MP: 0/0
     3 | D        | Found a basalt altar of Yredelemnul.
     3 | D        | Found a shadowy altar of Dithmenos.
     4 | D        | Found an ornate altar of the Wu Jian Council.
     4 | D        | Found a shimmering altar of Xom.
     5 | D        | Found a burning altar of Makhleb.
     5 | D        | Found an ancient bone altar of Kikubaaqudgha.
     5 | D        | Round 1.
     6 | D        | Found a glowing silver altar of Zin.
     6 | D        | Found Xengetiss's Identification Station.
     7 | D        | Found Atwevvui's Jewellery.
     7 | D        | Found Qubrer's Advanced Armour.
    18 | D        | Reached skill level 4 in Staves
    18 | D        | Reached XP level 2. HP: 14/25 MP: 1/1
    22 | D        | Bought a sparkling iron ring for 45 gold pieces
    22 | D        | Identified the ring "Nemnydutu" {Fire rElec rN+ MP+9 Int-3}
                  | (You bought it in a shop in the Dungeon)
    22 | D        | Bought a twitching pewter ring for 45 gold pieces
    22 | D        | Identified the ring of Autumn {Fly Will+ rCorr} (You bought
                  | it in a shop in the Dungeon)
    22 | D        | Bought a brightly glowing ruby amulet for 45 gold pieces
    22 | D        | Identified the amulet of Nore {Faith rN+ Int+2 Stlth+} (You
                  | bought it in a shop in the Dungeon)
    32 | D        | Found a blossoming altar of Fedhas.
    33 | D        | Found a corrupted altar of Lugonu.
    40 | D        | Found a shimmering blue altar of Sif Muna.
    42 | D        | Found a snail-covered altar of Cheibriados.
    42 | D        | Found an iron altar of Okawaru.
    42 | D        | Found Wihatefu's Magic Scroll Shop.
    42 | D        | Found Nanixuall's Staff Store.
    43 | D        | Found Nonuef's Magic Scroll Shop.
    43 | D        | Found Plog's Must-Have Magic.
    46 | D        | Found a stormy altar of Qazlal.
    53 | D        | Reached skill level 6 in Staves
    53 | D        | Reached skill level 5 in Dodging
    53 | D        | Reached XP level 3. HP: 17/31 MP: 2/2
    53 | D        | Found a radiant altar of Vehumet.
    54 | D        | Found Woleuj's Distillery.
    54 | D        | Found a glowing golden altar of the Shining One.
    54 | D        | Found a sacrificial altar of Ru.
    54 | D        | Found Joptul's Do-It-Yourself Clinic.
    55 | D        | Found Tyzxowej's Distillery.
    55 | D        | Found Qolez's Bottled Wisdom.
    58 | D        | Found a hide-covered altar of Uskayaw.
    59 | D        | Found an opulent altar of Gozag.
    60 | D        | Found a bloodstained altar of Trog.
    61 | D        | Found Acle Gia's Weapon Rack.
    61 | D        | Found Feixoros's Premium Goods.
    62 | D        | Found Biohoen's Basic Armour.
    62 | D        | Found Vupam's Miscellaneous Merchandise.
    64 | D        | Noticed Sigmund
    68 | D        | Noticed Jessica
    78 | D        | Became a worshipper of Trog the Wrathful
    82 | D        | Killed Jessica
   125 | D        | Killed Sigmund
   125 | D        | Reached * piety under Trog
   125 | D        | Arena points: 12 (+12) [x2]
   126 | D        | Reached skill level 5 in Fighting
   126 | D        | Reached skill level 10 in Staves
   126 | D        | Reached XP level 4. HP: 34/44 MP: 3/3
   126 | D        | Reached XP level 5. HP: 39/50 MP: 4/4
   146 | D        | Round 2.
   177 | D        | Reached XP level 6. HP: 51/57 MP: 5/5
   179 | D        | Reached ** piety under Trog
   246 | D        | Reached *** piety under Trog
   265 | D        | Arena points: 54 (+42) [x3]
   329 | D        | Round 3.
   344 | D        | Reached skill level 11 in Staves
   349 | D        | Reached **** piety under Trog
   352 | D        | Reached skill level 12 in Staves
   366 | D        | Reached XP level 7. HP: 51/66 MP: 6/6
   383 | D        | Arena points: 126 (+72) [x4]
   394 | D        | Round 4.
   407 | D        | Reached ***** piety under Trog
   520 | D        | Reached skill level 13 in Staves
   520 | D        | Reached skill level 1 in Stealth
   525 | D        | Arena points: 266 (+140) [x5]
   552 | D        | Bought a pair of masterwork gloves for 332 gold pieces
   552 | D        | Identified the +2 pair of gloves "Kaozupn" {Str+5 Int-3}
                  | (You bought it in a shop in the Dungeon)
   592 | D        | Round 5.
   600 | D        | Noticed the 27-headed Lernaean hydra
   614 | D        | Killed the 27-headed Lernaean hydra
   614 | D        | Identified the ring of Xom's Sleight of Hands {Drain rElec
                  | MP-9 Str+8 Dex+6} (You found it in the Dungeon)
   614 | D        | Arena points: 511 (+245) [x7]
   615 | D        | Reached skill level 16 in Staves
   615 | D        | Reached skill level 5 in Throwing
   615 | D        | Reached XP level 8. HP: 82/82 MP: 7/7
   615 | D        | Reached XP level 9. HP: 89/89 MP: 8/8
   617 | D        | Got a decaying rune of Zot
   823 | D        | Round 6.
   826 | D        | Noticed a rust devil
   827 | D        | Noticed a sixfirhy
   831 | D        | Noticed a soul eater
   837 | D        | Killed a sixfirhy
   837 | D        | Received a gift from Trog
   838 | D        | Reached skill level 17 in Staves
   846 | D        | Killed a soul eater
   848 | D        | Noticed a rust devil
   851 | D        | Killed a rust devil
   852 | D        | Reached skill level 18 in Staves
   852 | D        | Reached XP level 10. HP: 59/99 MP: 0/9
   857 | D        | Killed a rust devil
   941 | D        | Noticed a rust devil
   945 | D        | Received a gift from Trog
   958 | D        | Killed a rust devil
   958 | D        | Arena points: 895 (+384) [x8]
   959 | D        | Reached skill level 5 in Evocations
   980 | D        | Bought a faintly glowing cloak for 332 gold pieces
   980 | D        | Identified the +0 cloak of Bazangeu {rElec rC+} (You bought
                  | it in a shop in the Dungeon)
   980 | D        | Bought a pair of brightly glowing boots for 332 gold pieces
   980 | D        | Identified the -1 pair of boots "Dyseafei" {+Inv rPois
                  | Regen+ Str-4} (You bought it in a shop in the Dungeon)
  1022 | D        | Round 7.
  1028 | D        | Reached ****** piety under Trog
  1039 | D        | Reached skill level 19 in Staves
  1053 | D        | Received a gift from Trog
  1058 | D        | Arena points: 1399 (+504) [x9]
  1117 | D        | Round 8.
  1180 | D        | Received a gift from Trog
  1253 | D        | Arena points: 2039 (+640) [x10]
  1292 | D        | Round 9.
  1303 | D        | Received a gift from Trog
  1337 | D        | Reached skill level 5 in Stealth
  1388 | D        | Paralysed by an air elemental for 1 turns
  1408 | D        | Arena points: 3128 (+1089) [x11]
  1472 | D        | Round 10.
  1486 | D        | Bought +0 gold dragon scales for 960 gold pieces
  1508 | D        | Noticed a faun
  1513 | D        | Noticed Ilsuiw
  1515 | D        | Noticed a merfolk impaler
  1519 | D        | Killed a faun
  1519 | D        | Received a gift from Trog
  1520 | D        | Reached skill level 20 in Staves
  1520 | D        | Reached XP level 11. HP: 111/111 MP: 1/10
  1525 | D        | Killed a merfolk impaler
  1540 | D        | HP: 5/111 [drowned by a water elemental[Ilsuiw] (8)]
  1541 | D        | Drowned by a water elemental

Illustrated notes

Levels and vault maps discovered:
D:        arena_sprint

Skill      XL: |  1  2  3  4  5  6  7  8  9 10 |
---------------+-------------------------------+-----
Staves         | 4 6 10 12 16 18 20 | 20.2
Dodging        | 4 5 8 9 11 13 | 13.1
Fighting       | 3 5 6 7 11 12 14 | 14.6
Throwing       | 3 4 5 |  5.2
Armour         | 2 3 6 7 9 |  9.3
Stealth        | 3 5 |  5.9
Evocations     | 3 4 6 |  6.2

Action                     |  1- 3 |  4- 6 |  7- 9 | 10-12 || total
---------------------------+-------+-------+-------+-------++-------
  Melee: Quarterstaff      |    36 |    21 |    30 |   105 ||   192
         Headbutt          |     5 |     5 |     7 |    26 ||    43
 Invoke: Berserk           |       |     1 |     1 |     1 ||     3
         Trog's Hand       |       |       |       |     1 ||     1
  Evoke: Wand              |       |       |     9 |     1 ||    10
    Use: Potion            |     2 |       |       |       ||     2
         Scroll            |       |       |     2 |       ||     2
   Stab: Distracted        |       |       |     1 |     2 ||     3
 Armour: Leather armour    |     5 |     1 |     3 |    22 ||    31
         Gold dragon scale |       |       |       |    12 ||    12
  Dodge: Dodged            |    11 |    14 |    12 |    81 ||   118
